Map: Triton LE

Players

BackupK (Gerald) - Winner!

  • Race: Protoss Protoss
  • Spawn Location: 11:00

starkiller

  • Race: Zerg Zerg
  • Spawn Location: 5:00

VOD

Have the link to the VOD?

Description

Time

  • Played on: Sept. 6, 2019, 2:27 p.m.
  • Length: 16:48
Show
View Real Time Build Order
Export as new Build Order

BackupK Protoss - Winner!

Build Orders: Oracle Opening 

Get SALT Encoding   

  12  0:00  Probe  
  13  0:12  Probe  
  14  0:20  Pylon  
  14  0:25  Probe  
  14  0:28  Assimilator  
  15  0:35  Probe  
  16  0:43  Gateway, Probe  
  17  0:52  Probe  
  18  1:04  Probe  
  19  1:16  Probe  
  20  1:24  Zealot  
  20  1:31  Cybernetics Core  
  22  1:34  Probe  
  22  1:35  Pylon  
  23  1:49  Assimilator  
  23  1:53  Probe  
  24  1:57  Adept  
  24  2:07  Nexus  
  26  2:11  Probe  
  27  2:23  Probe  
  27  2:26  Stargate  
  28  2:32  Gateway  
  28  2:36  Warp Gate  
  28  2:41  Probe  
  29  2:45  Pylon  
  29  2:50  Adept  
  31  2:55  Probe  
  30  3:02  Oracle  
  30  3:08  Probe  
  32  3:20  Probe  
  32  3:23  Probe  
  33  3:31  Oracle  
  33  3:32  Pylon  
  33  3:33  Probe  
  33  3:35  Probe  
  37  3:45  Probe  
  37  3:48  Shield Battery, Probe  
  38  3:57  Probe  
  38  4:00  Probe  
  40  4:09  Probe  
  41  4:11  Oracle  
  41  4:12  Probe  
  45  4:22  Pylon, Probe  
  46  4:24  Probe  
  46  4:27  Gateway  
  47  4:32  Gateway  
  47  4:34  Probe  
  47  4:36  Probe, Adept x2  
  47  4:37  Pylon  
  53  4:50  Probe  
  53  4:52  Robotics Facility  
  54  4:56  Probe  
  54  4:59  Assimilator  
  55  5:00  Zealot x2  
  55  5:02  Pylon, Assimilator  
  59  5:09  Probe x2  
  61  5:21  Probe  
  61  5:22  Probe  
  61  5:27  Stalker x3  
  69  5:33  Immortal  
  71  5:47  Probe  
  72  5:50  Gateway  
  72  5:51  Zealot  
  74  6:02  Zealot  
  74  6:03  Zealot  
  67  6:04  Probe x2  
  61  6:14  Zealot  
  61  6:16  Probe x2  
  59  6:28  Probe, Zealot x2  
  61  6:35  Probe  
  62  6:40  Probe  
  62  6:43  Probe  
  63  6:48  Probe  
  63  6:51  Probe  
  65  6:56  Warp Prism  
  68  7:01  Probe  
  68  7:07  Zealot x2  
  70  7:17  Pylon  
  70  7:19  Pylon  
  70  7:27  Twilight Council  
  70  7:32  Probe x2  
  72  7:38  Pylon  
  72  7:40  Probe x2  
  73  7:47  Sentry  
  73  7:48  Sentry x2  
  73  7:50  Probe x2  
  80  7:57  Pylon  
  82  8:04  Probe  
  83  8:05  Probe  
  84  8:14  Robotics Bay  
  84  8:18  Probe  
  84  8:21  Probe  
  86  8:28  Pylon  
  86  8:29  Probe  
  86  8:32  Probe  
  88  8:41  Probe  
  88  8:44  Gateway, Blink  
  88  8:45  Gateway  
  88  8:46  Forge  
  88  8:47  Probe  
  90  8:52  Stalker x2  
  90  8:53  Probe  
  95  8:59  Disruptor  
  95  9:08  Nexus  
  98  9:10  Pylon  
  98  9:14  Robotics Facility  
  98  9:27  Probe  
  98  9:28  Probe  
  100  9:35  Disruptor  
  103  9:39  Probe  
  103  9:42  Probe  
  101  9:50  Zealot x4  
  101  9:51  Probe  
  110  9:57  Zealot  
  110  10:05  Probe  
  110  10:09  Probe  
  110  10:10  Disruptor  
  112  10:17  Probe  
  112  10:19  Stalker x2  
  112  10:20  Stalker  
  119  10:26  Disruptor  
  122  10:37  Colossus, Zealot x2  
  124  10:49  Stalker  
  115  10:50  Stalker  
  115  10:56  Zealot  
  115  10:57  Zealot  
  98  11:02  Probe  
  88  11:05  Stalker  
  88  11:06  Probe  
  88  11:09  Probe  
  92  11:14  Probe  
  93  11:18  Probe  
  93  11:21  Probe  
  93  11:22  Forge  
  95  11:26  Probe  
  95  11:31  Probe  
  97  11:33  Probe  
  97  11:34  Assimilator  
  97  11:36  Assimilator  
  97  11:38  Probe  
  97  11:39  Stalker x2  
  103  11:40  Stalker x2  
  107  11:48  Disruptor x2  
  107  11:58  Protoss Ground Weapons Level 1  
  113  12:12  Zealot x2  
  113  12:13  Zealot, Sentry  
  113  12:14  Zealot  
  121  12:16  Disruptor  
  122  12:34  Stalker x2  
  122  12:35  Stalker x2  
  122  12:36  Observer  
  127  12:38  Probe  
  127  12:39  Probe x2  
  127  12:41  Pylon, Stalker  
  127  12:50  Probe  
  127  12:51  Probe  
  129  12:57  Charge  
  129  13:00  Probe  
  129  13:03  Probe  
  129  13:04  Immortal  
  129  13:05  Immortal, Probe  
  132  13:12  Probe  
  133  13:15  Pylon x2  
  133  13:16  Templar Archives  
  141  13:32  Pylon  
  141  13:33  Pylon, Probe  
  142  13:34  Dark Shrine  
  142  13:35  Pylon  
  142  13:42  Protoss Ground Armor Level 1  
  142  13:52  Pylon  
  138  14:05  Zealot  
  138  14:06  Zealot x4  
  140  14:12  Probe  
  140  14:14  Probe  
  140  14:15  Disruptor  
  140  14:16  Probe  
  144  14:17  Gateway  
  144  14:18  Colossus  
  144  14:20  Gateway  
  144  14:23  Gateway  
  148  14:25  Nexus  
  138  14:45  High Templar x5  
  146  14:51  Warp Prism  
  129  15:05  Archon x2  
  123  15:13  Immortal  
  127  15:15  Stalker  
  127  15:16  Stalker  
  127  15:19  Stalker  
  127  15:20  Stalker x3  
  137  15:27  Immortal  
  141  15:41  Pylon  
  141  15:42  Probe x2  
  141  15:46  Disruptor  
  127  15:55  Disruptor  
  127  15:56  Probe  
  124  16:03  Stalker x6  
  140  16:16  Assimilator  
  140  16:18  Observer  
  139  16:19  Assimilator  
  140  16:27  Zealot x2  
  140  16:28  Zealot x6  
Show
View Real Time Build Order
Export as new Build Order

starkiller Zerg 

Build Orders: Pool First 

Get SALT Encoding   

  12  0:00  Drone  
  13  0:08  Drone  
  14  0:14  Extractor  
  14  0:15  Drone  
  15  0:22  Overlord  
  15  0:39  Extractor  
  15  0:40  Drone x2  
  16  0:43  Drone  
  17  0:51  Spawning Pool  
  17  0:54  Drone  
  17  1:18  Hatchery  
  17  1:22  Drone  
  17  1:27  Drone  
  18  1:37  Zergling x2  
  18  1:39  Metabolic Boost  
  19  1:47  Queen  
  21  1:54  Overlord  
  21  1:58  Drone  
  22  2:15  Drone  
  23  2:24  Hatchery  
  23  2:26  Zergling x4  
  24  2:35  Queen  
  26  2:38  Drone  
  26  2:43  Drone  
  28  2:44  Drone  
  29  2:57  Drone x2  
  30  2:59  Drone x2  
  30  3:00  Drone  
  33  3:08  Drone x2  
  35  3:14  Drone  
  35  3:17  Lair  
  36  3:24  Overlord  
  36  3:31  Spore Crawler x2  
  36  3:33  Drone x2  
  35  3:37  Queen  
  37  3:41  Drone  
  37  3:43  Drone x2  
  39  3:48  Drone  
  39  3:50  Zergling x2  
  39  3:52  Zergling x2  
  39  3:54  Zergling x2  
  39  3:55  Spore Crawler, Drone  
  43  4:02  Queen  
  43  4:03  Zergling x2  
  43  4:06  Zergling x4  
  48  4:15  Zergling x2, Nydus Network  
  48  4:16  Zergling x2  
  49  4:18  Zergling x2  
  50  4:32  Overlord x2  
  50  4:39  Overlord  
  50  4:49  Overlord  
  50  4:50  Zergling x2, Queen  
  50  4:52  Zergling x4  
  55  4:53  Zergling x6  
  55  4:54  Overlord, Zergling x4  
  60  5:05  Zergling x2  
  60  5:06  Zergling x8  
  63  5:16  Nydus Canal, Overseer  
  63  5:17  Zergling x4  
  63  5:18  Zergling x8  
  69  5:26  Zergling x6  
  69  5:27  Zergling x4  
  68  5:39  Zergling x2  
  68  5:40  Zergling x4  
  67  5:47  Zergling x4  
  63  5:59  Zergling x2, Queen  
  63  6:00  Zergling x6, Queen  
  61  6:11  Zergling x4  
  56  6:15  Queen  
  56  6:16  Drone  
  56  6:17  Drone  
  56  6:20  Drone  
  56  6:25  Drone  
  53  6:29  Roach Warren  
  50  6:33  Drone  
  50  6:34  Drone x2  
  50  6:35  Queen  
  50  6:39  Drone  
  55  6:49  Drone x2  
  55  6:50  Drone x4  
  61  6:54  Extractor  
  61  6:59  Drone  
  61  7:00  Extractor  
  60  7:06  Overlord  
  55  7:12  Glial Reconstitution  
  55  7:13  Roach x6  
  66  7:16  Roach  
  66  7:18  Roach  
  66  7:21  Roach x2  
  73  7:25  Roach  
  73  7:27  Roach  
  75  7:31  Roach x2  
  75  7:34  Roach  
  81  7:38  Overlord  
  81  7:43  Overlord  
  81  7:44  Overlord  
  81  7:53  Overlord x2  
  81  7:56  Roach x2  
  85  7:59  Roach  
  85  8:00  Roach  
  89  8:09  Zergling x8  
  89  8:10  Zergling x2  
  95  8:12  Zergling x2  
  95  8:13  Zergling x2  
  95  8:14  Zergling x2  
  95  8:18  Roach  
  95  8:19  Roach  
  101  8:22  Roach  
  101  8:26  Roach  
  105  8:27  Roach  
  105  8:34  Roach  
  105  8:35  Roach x2  
  105  8:38  Ravager x3  
  105  8:40  Zergling x4  
  116  8:47  Zergling x6  
  119  8:51  Queen  
  121  8:55  Ravager  
  121  8:57  Overlord  
  121  9:00  Overlord  
  121  9:03  Overlord  
  121  9:11  Overlord  
  121  9:12  Overlord  
  121  9:15  Evolution Chamber  
  120  9:18  Roach x2  
  120  9:19  Roach  
  120  9:22  Roach  
  120  9:24  Roach  
  130  9:27  Roach  
  132  9:32  Roach x2  
  131  9:39  Roach x2  
  131  9:40  Roach  
  131  9:43  Roach  
  139  9:47  Roach  
  139  9:48  Roach  
  143  9:55  Roach  
  144  10:00  Drone  
  144  10:01  Drone  
  144  10:04  Drone x4  
  146  10:07  Drone  
  146  10:09  Ravager  
  146  10:10  Ravager x2  
  149  10:15  Zergling x8  
  138  10:37  Roach  
  138  10:38  Roach  
  138  10:48  Roach  
  138  10:49  Roach x4  
  132  10:52  Roach x2  
  109  10:57  Roach x3  
  109  11:01  Roach x2  
  98  11:05  Roach x3  
  98  11:08  Roach x2  
  101  11:13  Zergling x6  
  101  11:16  Zergling x2  
  102  11:21  Roach  
  102  11:24  Roach  
  104  11:29  Roach x2  
  106  11:36  Roach  
  108  11:45  Drone  
  108  11:46  Zerg Melee Weapons Level 1  
  109  11:47  Drone x2  
  109  11:48  Drone x4  
  109  11:49  Baneling Nest, Drone x2  
  109  11:52  Drone x3  
  112  12:04  Queen  
  112  12:08  Extractor  
  109  12:12  Spire  
  108  12:19  Hatchery  
  99  12:26  Zergling x6  
  96  12:36  Zergling x2  
  93  12:38  Zergling x2  
  93  12:41  Zergling x2, Roach  
  93  12:42  Roach x4  
  93  12:51  Roach  
  93  12:54  Roach  
  93  12:55  Roach  
  93  12:58  Overseer  
  95  13:07  Roach  
  95  13:08  Roach x2  
  95  13:12  Drone x3  
  104  13:13  Extractor  
  104  13:14  Zergling x2  
  104  13:27  Corruptor x4  
  104  13:28  Zergling x12  
  104  13:29  Zergling x2  
  104  13:30  Zergling x4  
  104  13:31  Zergling x2  
  104  13:33  Queen  
  104  13:34  Zergling x2  
  125  13:40  Zergling x2  
  126  13:43  Zergling x6  
  126  13:44  Ravager  
  126  13:45  Ravager x2  
  132  13:49  Zergling x6  
  132  13:53  Zergling x6  
  135  14:17  Zerg Melee Weapons Level 2, Centrifical Hooks  
  135  14:23  Corruptor x2  
  135  14:27  Zergling x6  
  136  14:43  Overlord  
  91  15:00  Roach x3  
  91  15:02  Roach x12  
  91  15:04  Zergling x12  
  113  15:09  Zergling x2  
  113  15:10  Roach x2  
  113  15:11  Roach  
  120  15:20  Zergling x2  
  120  15:21  Zergling x6  
  122  15:26  Roach x3  
  114  15:33  Roach  
  114  15:35  Roach x2  
  114  15:36  Roach  
  98  15:56  Roach x3  
  98  15:59  Roach x2  
  98  16:02  Roach x4  
  102  16:04  Corruptor  
  102  16:09  Corruptor  
  102  16:15  Ravager x2  
  102  16:16  Ravager  
  105  16:22  Hatchery  
  106  16:28  Zergling x2  
  106  16:29  Zergling x8  
Tags
 
Add a new tag
Caveats
  • Supply blocks, unpowered buildings, or Contaminate may cause inaccurate times.
  • Supply counts are checked every 10 seconds.